 Dungeon Crawl Stone Soup version 0.28-b1-25-g9875b3fc8c (webtiles) character file.

Game seed: 16672229407701273696

90 pkoi the Shooter (level 4, -8/37 HPs)
             Began as a Minotaur Hunter on Jan 31, 2022.
             Killed from afar by an orc wizard (9 damage)
             ... with a puff of flame
             ... on level 3 of the Dungeon.
             The game lasted 00:02:16 (3135 turns).

pkoi the Shooter (Minotaur Hunter)                  Turns: 3135, Time: 00:02:17

Health: -8/37      AC:  3    Str: 18    XL:     4   Next: 32%
Magic:  3/3        EV: 11    Int:  8    God:
Gold:   88         SH:  0    Dex: 11    Spells: 3/3 levels left

rFire   . . .      SeeInvis .   j - +0 dagger (protect)
rCold   . . .      Faith    .   (no shield)
rNeg    . . .      Spirit   .   c - +0 leather armour
rPois   .          Reflect  .   (helmet restricted)
rElec   .          Harm     .   (no cloak)
rCorr   +          Rampage  .   (no gloves)
Will    .....                   (no boots)
Stlth   +.........              (no amulet)
HPRegen 0.12/turn               f - ring of resist corrosion
MPRegen 0.08/turn               (no ring)

@: confused
A: horns 2, retaliatory headbutt
a: no special abilities


You were on level 3 of the Dungeon.
You visited 1 branch of the dungeon, and saw 3 of its levels.

You collected 88 gold pieces.

Inventory:

Hand Weapons
 a - a +1 shortbow
 b - a +0 short sword
 j - a +0 dagger of protection (weapon)
Missiles
 d - 62 arrows
Armour
 c - a +0 leather armour (worn)
Jewellery
 f - a ring of resist corrosion (left hand)
 i - a ring of fire
Scrolls
 g - a scroll of enchant weapon
Potions
 e - a potion of curing {unknown}
 h - a potion of lignification
 k - a potion of degeneration {unknown}


   Skills:
 - Level 2.4 Fighting
 * Level 6.2 Bows
 - Level 2.1 Dodging
 + Level 1.4 Stealth


You had 3 spell levels left.
You didn't know any spells.
Your spell library contained the following spells:

 Spells                   Type           Power      Damage    Failure   Level
 Slow                     Hex            0%         N/A       45%         1
 Summon Small Mammal      Summ           0%         N/A       45%         1
 Call Canine Familiar     Summ           0%         N/A       83%         3
 Confusing Touch          Hex            0%         N/A       83%         3
 Summon Guardian Golem    Hex/Summ       0%         N/A       83%         3
 Vampiric Draining        Necr           0%         2d6       83%         3


Dungeon Overview and Level Annotations

Branches:
Dungeon (3/15)

Altars:


Innate Abilities, Weirdness & Mutations

You have a pair of horns on your head.
You reflexively headbutt those who attack you in melee.


Message History

* * * LOW HITPOINT WARNING * * *
You hit something but do no damage.
Your weapon exudes an aura of protection.
Something hits you but does no damage.
You barely miss something. Something hits you.
* * * LOW HITPOINT WARNING * * *
You closely miss something. Something hits you but does no damage.
You hit something but do no damage.
Your weapon exudes an aura of protection.
Your headbutt misses something. Something hits you.
* * * LOW HITPOINT WARNING * * *
You miss something. Your headbutt misses something.
You hear some strange, mumbled words.
Something tries to affect you, but you resist.
You hit something. Your headbutt misses something.
Something hits you but does no damage.
You barely miss something.
You hear some strange, mumbled words.
A puff of flame appears from out of thin air!
The puff of flame hits you but does no damage.
You closely miss something. Your headbutt misses something.
Something hits you but does no damage.
You miss something. Something hits you but does no damage.
You miss something. Your headbutt misses something. Something hits you.
* * * LOW HITPOINT WARNING * * *
You closely miss something.
You hear some strange, mumbled words.
You are confused.
You bump into the rock wall.
An orc wizard appears from thin air!
Reactivating autopickup.
The orc wizard hits you with a +0 dagger.
* * * LOW HITPOINT WARNING * * *
You bump into the rock wall.
The orc wizard hits you with a +0 dagger.
* * * LOW HITPOINT WARNING * * *
You closely miss the orc wizard.
The orc wizard is heavily wounded.
The orc wizard gestures at you while chanting.
The puff of flame hits you!
You die...

#.# #.# ### #.# .. ##.## ########
#. ##...###......#
###)###.............#
#..)..o........###..#
#.#.###@....######..# #.
##............# #.#.
##.#########.#### .... #.#
#........# #.## ##+## #.###.##.#
#.# ##...## #.# #.##.# ###.#
##.....###.# #.##.# ####.#.#
##.......##.###.....
#####......###.........#.....<...


You could see an orc wizard.

Vanquished Creatures
  3 adders (D:2)
  A worm (D:2)
  2 dart slugs
  3 orcs (D:3)
  4 ball pythons
  4 bats
  2 endoplasms (D:1)
  2 giant cockroaches
  11 goblins
  6 hobgoblins
  A quokka (D:2)
  A frilled lizard (D:1)
  3 kobolds
  2 rats
45 creatures vanquished.

Vanquished Creatures (others)
  A demonic plant (D:1)
1 creature vanquished.

Grand Total: 46 creatures vanquished

Notes
Turn   | Place    | Note
-------+----------+-------------------------------------------
     0 | D:1      | pkoi the Minotaur Hunter began the quest for the Orb.
     0 | D:1      | Reached XP level 1. HP: 18/18 MP: 0/0
   194 | D:1      | Reached XP level 2. HP: 19/25 MP: 1/1
   334 | D:1      | Reached skill level 5 in Bows
   697 | D:1      | Found a faded altar of an unknown god.
   810 | D:1      | Reached XP level 3. HP: 24/30 MP: 2/2
  1367 | D:2      | Reached skill level 1 in Stealth
  2344 | D:2      | Reached skill level 6 in Bows
  2344 | D:2      | Reached XP level 4. HP: 31/37 MP: 3/3
  3134 | D:3      | HP: 1/37 [orc wizard (1)]
  3135 | D:3      | Killed from afar by an orc wizard

Illustrated notes

Levels and vault maps discovered:
D:1:      tarquinn_simple_flora_water_d, layout_basic,
          shapermc_ecumenical_altar_gd
D:2:      layout_basic
D:3:      layout_loops_corners

Skill      XL: |  1  2  3 |
---------------+----------+-----
Bows           | 5 6 |  6.2
Stealth        | 1 |  1.4
Fighting       | |  2.4
Dodging        | |  2.1

Action                   |  1- 3 |  4- 6 || total
-------------------------+-------+-------++-------
Melee: Short sword       |   108 |    17 ||   125
       Headbutt          |    15 |     8 ||    23
       Punch             |     1 |       ||     1
       Dagger            |       |    51 ||    51
  Use: Potion            |     2 |       ||     2
       Scroll            |     1 |     2 ||     3
 Stab: Sleeping          |       |     1 ||     1
Armor: Leather armour    |    25 |    31 ||    56
Dodge: Dodged            |    58 |    22 ||    80
